 Dungeon Crawl Stone Soup version 0.30-a0-1-g69b7b797bf (webtiles) character file.

Game seed: 18151404543424765330

88 Nedwor the Cutter (level 4, 16/34 HPs)
             Began as a Demonspawn Gladiator on Aug 19, 2022.
             Quit the game on level 3 of the Dungeon.
             The game lasted 00:03:50 (2409 turns).

Nedwor the Cutter (Demonspawn Gladiator)            Turns: 2409, Time: 00:03:50

Health: 16/34      AC:  8    Str: 17    XL:     4   Next: 29%
Magic:  4/4        EV: 10    Int:  9    God:
Gold:   82         SH:  0    Dex: 14    Spells: 3/3 levels left

rFire   . . .      SeeInvis .    a - +0 rapier
rCold   . . .      Faith    .    (no shield)
rNeg    . . .      Spirit   .    e - +0 scale mail
rPois   .          Reflect  .    (helmet restricted)
rElec   .          Harm     .    (no cloak)
rCorr   .          Rampage  .    (no gloves)
Will    .....                    (no boots)
Stlth   ..........               (no amulet)
HPRegen 0.11/turn                (no ring)
MPRegen 0.09/turn                (no ring)

@: no status effects
A: horns 1, thin metallic scales 1
a: no special abilities


You were on level 3 of the Dungeon.
You visited 1 branch of the dungeon, and saw 3 of its levels.

You collected 82 gold pieces.

Inventory:

Hand Weapons
 a - a +0 rapier (weapon)
Armour
 c - a +0 helmet
 e - a +0 scale mail (worn)
Scrolls
 b - a scroll of enchant armour {unknown}
 f - 3 scrolls of teleportation {unknown}
 k - 3 scrolls of immolation {unknown}
 l - a scroll of identify {unknown}
Potions
 d - a potion of resistance {unknown}
 g - a potion of brilliance {unknown}
 h - 2 potions of curing {unknown}
 i - a potion of degeneration {unknown}
 j - a potion of mutation {unknown}
 m - a potion of attraction {unknown}


   Skills:
 + Level 2.6 Fighting
 * Level 3.6 Short Blades
 - Level 1.7 Throwing
 + Level 1.3 Armour
 + Level 3.1 Dodging


You had 3 spell levels left.
You didn't know any spells.
Your spell library contained the following spells:

 Spells                   Type           Power      Damage    Failure   Level
 Blink                    Tloc           0%         N/A       91%         2
 Manifold Assault         Tloc           0%         N/A       100%        5
 Storm Form               Tmut/Air       0%         N/A       100%        7


Dungeon Overview and Level Annotations

Branches:
Dungeon (3/15)

Altars:
Fedhas
Wu Jian


Innate Abilities, Weirdness & Mutations

You have a pair of small horns on your head.
You are partially covered in thin metallic scales. (AC +2)


Message History

No target in view!
No target in view!
No target in view!
You see here the +3 buckler of Dirchew {Rampage rElec Will-}.
n - the +3 buckler of Dirchew {Rampage rElec Will-} You drop the +3 buckler of Dirchew {Rampage rElec Will-}.
You now have 82 gold pieces (gained 3).
As you open the door, it creaks loudly!
There is an open door here.
Found a stone staircase leading down.
Jessica the Apprentice Sorceress comes into view.
She is wielding a +0 dagger.
Jessica shouts!
Jessica mumbles some strange words.
Jessica seems to speed up.
Jessica points at you and mumbles some strange words.
Pain shoots through your body! Jessica casts a spell at you.
You resist with some effort.
Jessica grins evilly.
Jessica points at you and mumbles some strange words.
You barely resist. Jessica casts a spell at you.
You barely resist. You closely miss Jessica. Jessica hits you with a +0 dagger.
You hit Jessica.
Jessica is lightly wounded.
Jessica hits you with a +0 dagger. x2
You hit Jessica but do no damage.
Jessica is lightly wounded.
Jessica hits you but does no damage.
You puncture Jessica!
Jessica is almost dead.
Jessica hits you but does no damage. x2
You hit Jessica.
You kill Jessica!
You have reached level 4!
You feel stronger.
Your demonic ancestry asserts itself...
A pair of horns grows on your head!
Your +0 helmet falls away!
Are you sure you want to abandon this character and quit the game? (Confirm with "yes".)

....[.)..........................
.........########################
####.....# ####..## #...###
##....# #.##.###### #.##......##
#+#######@)## ##..# ##>......
.###... .# . .# .. .. ..


There were no monsters in sight!

Vanquished Creatures
  Jessica (D:3)
  2 adders
  A worm (D:2)
  2 dart slugs
  5 ball pythons
  4 bats
  4 endoplasms
  2 giant cockroaches
  5 goblins
  2 hobgoblins
  2 quokkas
  A frilled lizard (D:1)
  3 kobolds
  2 rats (D:1)
36 creatures vanquished.

Notes
Turn   | Place    | Note
-------+----------+-------------------------------------------
     0 | D:1      | Nedwor the Demonspawn Gladiator began the quest for the
                  | Orb.
     0 | D:1      | Reached XP level 1. HP: 16/16 MP: 1/1
   266 | D:1      | Gained mutation: You are partially covered in thin metallic
                  | scales. (AC +2) [demonic ancestry]
   266 | D:1      | Reached XP level 2. HP: 21/22 MP: 2/2
  1017 | D:2      | Reached XP level 3. HP: 27/28 MP: 3/3
  1045 | D:2      | Reached skill level 1 in Armour
  1147 | D:2      | Found a blossoming altar of Fedhas.
  1212 | D:2      | Identified the +8 whip of Hacking and Slashing {vorpal,
                  | rC+}
  1650 | D:2      | Found a faded altar of an unknown god.
  2023 | D:3      | Found an ornate altar of the Wu Jian Council.
  2363 | D:3      | Identified the +3 buckler of Dirchew {Rampage rElec Will-}
  2397 | D:3      | Noticed Jessica
  2408 | D:3      | Killed Jessica
  2409 | D:3      | Gained mutation: You have a pair of small horns on your
                  | head. [demonic ancestry]
  2409 | D:3      | Reached XP level 4. HP: 16/34 MP: 4/4
  2409 | D:3      | Quit the game

Illustrated notes

Levels and vault maps discovered:
D:1:      spicycebolla_green_bress_n_ham, layout_rooms,
          hangedman_decor_riveting, minmay_misc_feat_rows
D:2:      layout_basic, shapermc_ecumenical_altar_hornbeckon, basic_altar,
          minmay_tromino_mix6
D:3:      layout_basic, old_standard_altar, serial_shops,
          nicolae_lakefront_shop, ebering_dispersal_statue_hall,
          minmay_misc_feat_five, amcnicky_mini_rare_corridor_liquid,
          uniq_jessica, uniq_robin

Skill      XL: |  1  2  3 |
---------------+----------+-----
Short Blades   | 3 |  3.6
Dodging        | 3 |  3.1
Armour         | 1 |  1.3
Fighting       | |  2.6
Throwing       | |  1.7

Action                   |  1- 3 |  4- 6 || total
-------------------------+-------+-------++-------
Melee: Rapier            |   116 |       ||   116
Armor: Leather armour    |     5 |       ||     5
       Scale mail        |    54 |       ||    54
Dodge: Dodged            |    61 |       ||    61

Table legend: (Time is in decaauts)
 A = Elapsed time spent in this place.
 B = Non-inter-level travel time spent in this place.
 C = Inter-level travel time spent in this place.
 D = Time resting spent in this place.
 E = Time spent auto-exploring this place.
 F = Levels seen in this place.
 G = Mean time per level.
                   A        B        C        D        E       F      G
               +--------+--------+--------+--------+--------+-----+--------+
         Total |   2418 |   2243 |    175 |      0 |   1961 |   3 |  806.0 |
       Dungeon |   2418 |   2243 |    175 |      0 |   1961 |   3 |  806.0 |
               +--------+--------+--------+--------+--------+-----+--------+

Top non-repeatable levels by time:
     D:2: 1098 daAuts
     D:1: 902 daAuts
     D:3: 417 daAuts
